 Dungeon Crawl Stone Soup version 0.21.1-1-g345015f (webtiles) character file.

31 relionnb the Skirmisher (level 3, 0/29 HPs)
             Began as a Demonspawn Chaos Knight on Mar 2, 2018.
             Slain by a frilled lizard (1 damage)
             ... on level 2 of the Dungeon.
             The game lasted 00:12:03 (1860 turns).

relionnb the Skirmisher (Demonspawn Chaos Knight)   Turns: 1860, Time: 00:12:03

Health: 0/29       AC:  5    Str: 13    XL:     3   Next: 7%
Magic:  3/3        EV: 10    Int: 13    God:    Xom [..*...]
Gold:   108        SH:  0    Dex: 12    Spells: 2/2 levels left

rFire    . . .     SeeInvis +   a - +0 hand axe (chaos)
rCold    . . .     Gourm    .   (no shield)
rNeg     . . .     Faith    .   b - +2 leather armour
rPois    .         Spirit   .   (no helmet)
rElec    .         Reflect  .   (no cloak)
rCorr    .         Harm     .   (no gloves)
MR       .....                  (no boots)
Stlth    +.........             (no amulet)
HPRegen  0.09/turn              g - ring of see invisible
MPRegen  0.08/turn              (no ring)

@: heavily drained
A: powered by death 1
a: Renounce Religion


You were on level 2 of the Dungeon.
You worshipped Xom.
You were a toy of Xom.
You were not hungry.

You visited 1 branch of the dungeon, and saw 2 of its levels.

You collected 108 gold pieces.

Inventory:

Hand Weapons
 a - a +0 hand axe of chaos (weapon)
 d - a +0 hand axe
 i - a +0 dagger
 l - a +0 short sword
 m - a cursed -1 club
 n - a cursed -2 club
 q - a cursed +0 club
 r - a +0 club
 x - a +0 club
Missiles
 e - 17 arrows
 j - 53 stones
 u - 7 javelins (quivered)
 y - 54 sling bullets
Armour
 b - a +2 leather armour (worn)
 o - a +0 ring mail
 p - a +0 leather armour
 s - a +0 ring mail
Jewellery
 g - a ring of see invisible (left hand)
 t - an uncursed amulet of harm
Scrolls
 f - 2 scrolls of identify {unknown}
 v - a scroll of teleportation {unknown}
 w - a scroll of noise {unknown}
Potions
 h - a potion of ambrosia
 k - a potion of degeneration {unknown}
Comestibles
 c - 2 rations


   Skills:
 + Level 3.5(1.9) Fighting
 * Level 3.0(1.4) Axes
 + Level 2.2(0.6) Armour
 + Level 1.1(0.0) Dodging
 + Level 0.1(0.0) Stealth


You had 2 spell levels left.
You didn't know any spells.

Dungeon Overview and Level Annotations

Branches:
Dungeon (2/15)

Altars:


Innate Abilities, Weirdness & Mutations

You regenerate a little health from kills.


Message History

* * * LOW HITPOINT WARNING * * *
The frilled lizard bites you but does no damage. x2
The frilled lizard barely misses you.
The frilled lizard bites you but does no damage.
The frilled lizard bites you but does no damage.
The frilled lizard barely misses you. Xom grants you insight.
You feel aware of your surroundings. The frilled lizard closely misses you.
The frilled lizard bites you but does no damage.
The frilled lizard bites you.
* * * LOW HITPOINT WARNING * * *
The frilled lizard bites you.
* * * LOW HITPOINT WARNING * * *
The frilled lizard bites you but does no damage.
The frilled lizard closely misses you.
The frilled lizard bites you but does no damage.
The frilled lizard closely misses you. The frilled lizard closely misses you.
The frilled lizard bites you.
You die... "Boring in life, boring in death..."

, * * ** , ,,
,, * # ** **
#.####* ,
...$..### * #
......l@# .#
#.###!#l###.##
###........##
#.#...........%
#...........<##
###.###%##...#
#. #.##...# , #
#.##...#######
#............#


You could see 2 frilled lizards.

Vanquished Creatures
  A dart slug (D:1)
  2 bats
  2 goblins (D:1)
  4 hobgoblins (D:1)
  6 jackals
  4 kobolds
  7 rats (D:1)
26 creatures vanquished.

Notes
Turn   | Place    | Note
-------+----------+-------------------------------------------
     0 | D:1      | relionnb the Demonspawn Chaos Knight began the quest for the Orb.
     0 | D:1      | Reached XP level 1. HP: 18/18 MP: 1/1
    69 | D:1      | XOM: harmless Summ miscast
   320 | D:1      | Gained mutation: You regenerate a little health from kills. [demonic ancestry]
   320 | D:1      | Reached XP level 2. HP: 19/24 MP: 2/2
   423 | D:1      | XOM: harmless Tmut miscast
   430 | D:1      | Reached skill level 1 in Dodging
   781 | D:1      | XOM is BORED!
   781 | D:1      | XOM: harmless Hex miscast
  1507 | D:2      | Reached XP level 3. HP: 27/29 MP: 3/3
  1513 | D:2      | XOM: divination: magic mapping
  1586 | D:2      | XOM: silly message
  1719 | D:2      | XOM is BORED!
  1719 | D:2      | XOM: silly message
  1767 | D:2      | XOM: smoke on damage
  1856 | D:2      | XOM: divination: magic mapping
  1857 | D:2      | HP: 1/29 [frilled lizard (1)]
  1860 | D:2      | Slain by a frilled lizard

Skill      XL: |  1  2  3 |
---------------+----------+-----
Armour         | 2 |  2.2
Dodging        | 1 |  1.1
Axes           | 3 |  3.0
Fighting       | |  3.5
Stealth        | |  0.1

Action                   || total
-------------------------++-------
Melee: Hand axe          ||    71
  Use: Potion            ||     3
  Eat: Ration            ||     1
Armor: Leather armour    ||    97
Dodge: Dodged            ||   148
